 Dungeon Sprint DCSS version 0.28.0-47-ge53b351184 (webtiles) character file.

Game seed: 6699608077374936315

23 Groucho the Sneak (level 2, -7/19 HPs)
             Began as a Spriggan Enchanter on Apr 30, 2022.
             Was a Believer of Dithmenos.
             Mangled by a flying skull (9 damage)
             ... in the Dungeon (Sprint VII: "The Pits").
             The game lasted 00:01:47 (814 turns).

Groucho the Sneak (Spriggan Enchanter)               Turns: 814, Time: 00:01:47

Health: -7/19      AC:  2    Str:  4    XL:     2   Next: 75%
Magic:  4/8        EV: 17    Int: 16    God:    Dithmenos [**....]
Gold:   0          SH:  0    Dex: 15    Spells: 7/9 levels left

rFire   . . .      SeeInvis +   j - +2 dagger
rCold   . . .      Faith    .   (no shield)
rNeg    . . .      Spirit   .   b - +0 robe
rPois   .          Reflect  .   (helmet restricted)
rElec   .          Harm     .   (no cloak)
rCorr   .          Rampage  .   (gloves unavailable)
Will    .....      NoTele   +   (boots unavailable)
Stlth   ..........              (no amulet)
HPRegen 0.06/turn               (no ring)
MPRegen 0.11/turn               (no ring)

@: berserking (expiring), wreathed by umbra, very quick
A: very small, no large weapons, unfitting armour, see invisible, speed 3
a: Renounce Religion, Shadow Step


You were in the Dungeon.
You worshipped Dithmenos.
Dithmenos was pleased with you.
You visited 1 branch

Inventory:

Hand Weapons
 j - a +2 dagger (weapon)
Missiles
 l - 10 stones (quivered)
Armour
 b - a +0 robe (worn)
Scrolls
 a - 5 scrolls of amnesia
 i - a scroll of blinking
 k - a scroll of summoning
Potions
 c - 3 potions of invisibility
 d - a potion of curing
 e - a potion of heal wounds
 f - a potion of haste
 g - 4 potions of magic
 h - 2 potions of berserk rage


   Skills:
 - Level 1.1 Short Blades
 - Level 2.6 Dodging
 * Level 7.6 Stealth
 + Level 4.2 Spellcasting
 + Level 4.9 Hexes


You had 7 spell levels left.
You knew the following spells:

 Your Spells              Type           Power      Damage    Failure   Level
a - Ensorcelled Hibernat  Hex/Ice        22%        N/A       9%          2

Your spell library contained the following spells:

 Spells                   Type           Power      Damage    Failure   Level
 Confusing Touch          Hex            19%        N/A       6%          3
 Tukima's Dance           Hex            19%        N/A       6%          3
 Dazzling Flash           Conj/Hex       22%        N/A       19%         3


Dungeon Overview and Level Annotations

Branches:
Dungeon (1/1)

Altars:
Ashenzari
Cheibriados
Dithmenos
Elyvilon
Fedhas
Gozag
Hepliaklqana
Kikubaaqudgha
Makhleb
Nemelex Xobeh
Okawaru
Qazlal
Ru
Sif Muna
Trog
Uskayaw
Vehumet
Wu Jian
Xom
Yredelemnul
Zin
The Shining One
Beogh
Jiyva
Lugonu


Innate Abilities, Weirdness & Mutations

You are very small and have problems with some larger weapons.
You are too small for most types of armour.
You have supernaturally acute eyesight. (SInv)
You cover ground extremely quickly. (Speed+++)


Message History

Press: ? - help, Shift-Dir - straight line, f - endoplasm
Aim: an endoplasm (wandering, hasn't noticed you, umbra, chance to affect: 62%)
The endoplasm quivers.
The endoplasm looks drowsy...
The flying skull gives a hideous shriek!
The helpless endoplasm fails to defend itself.
You impale the endoplasm!!
You kill the endoplasm!
Dithmenos accepts your kill.
You can now step into the shadows of nearby creatures.
Press: ? - help, v - describe, . - travel The floor.
This square is wreathed by an umbra.
There is an open door here.
You see here a rat corpse.
There is an open door here.
There is an open door to the Storerooms (Easy) here.
You barely miss the flying skull. The flying skull barely misses you.
You hit the flying skull but do no damage.
The flying skull hits you. The flying skull barely misses you.
You hit the flying skull but do no damage.
The flying skull misses you.
A red film seems to cover your vision as you go berserk!
You feel yourself moving faster!
You feel mighty! The flying skull misses you. x2
You completely miss the flying skull. The flying skull hits you!
You closely miss the flying skull. The flying skull hits you.
* * * LOW HITPOINT WARNING * * *
You miss the flying skull. The flying skull closely misses you.
You miss the flying skull.
Unknown command.
Unknown command.
You miss the flying skull. The flying skull completely misses you.
You hit the flying skull.
The flying skull is lightly damaged.
The flying skull hits you.
* * * LOW HITPOINT WARNING * * *
You hit the flying skull.
The flying skull is moderately damaged.
The flying skull hits you!
You die...

############
#_________.#
#_________.#
#_______...###########++
##########'##...........
#.?..')))'.##......#..#
##########.##..........
#..........z@...........
#+#####'#####......#..#.
#...†.# #...........
#.....# ####'#####+
###'### #.......#
#.....# #.......#
#.....# #.......#
####'##+###...<...#
#........##.......#


You could see a flying skull.

Vanquished Creatures
  2 adders (D)
  A ball python (D)
  An endoplasm (D)
  A giant cockroach (D)
  A bat (D)
  A rat (D)
7 creatures vanquished.

Notes
Turn   | Place    | Note
-------+----------+-------------------------------------------
     0 | D        | Groucho the Spriggan Enchanter began the quest for the Orb.
     0 | D        | Reached XP level 1. HP: 9/9 MP: 5/5
    12 | D        | Reached skill level 5 in Stealth
    39 | D        | Found a bloodstained altar of Trog.
    39 | D        | Found a shimmering blue altar of Sif Muna.
    39 | D        | Found a viscous altar of Jiyva.
    39 | D        | Found a hazy altar of Hepliaklqana.
    39 | D        | Found an opulent altar of Gozag.
    40 | D        | Found a glowing golden altar of the Shining One.
    40 | D        | Found a glowing silver altar of Zin.
    40 | D        | Found a basalt altar of Yredelemnul.
    40 | D        | Found a shimmering altar of Xom.
    40 | D        | Found an ornate altar of the Wu Jian Council.
    40 | D        | Found a sacrificial altar of Ru.
    40 | D        | Found a stormy altar of Qazlal.
    40 | D        | Found an iron altar of Okawaru.
    40 | D        | Found a sparkling altar of Nemelex Xobeh.
    40 | D        | Found a burning altar of Makhleb.
    40 | D        | Found a blossoming altar of Fedhas.
    40 | D        | Found a white marble altar of Elyvilon.
    40 | D        | Found a shadowy altar of Dithmenos.
    40 | D        | Found a snail-covered altar of Cheibriados.
    42 | D        | Found a radiant altar of Vehumet.
    42 | D        | Found a corrupted altar of Lugonu.
    43 | D        | Found a hide-covered altar of Uskayaw.
    43 | D        | Found an ancient bone altar of Kikubaaqudgha.
    43 | D        | Found a broken altar of Ashenzari.
    64 | D        | Became a worshipper of Dithmenos the Shadowed
    85 | D        | Reached skill level 6 in Stealth
    85 | D        | Reached XP level 2. HP: 13/13 MP: 5/7
    89 | D        | Learned a level 2 spell: Ensorcelled Hibernation
    91 | D        | Reached * piety under Dithmenos
    94 | D        | Reached skill level 7 in Stealth
   416 | D        | Noticed a flying skull
   791 | D        | Reached ** piety under Dithmenos
   814 | D        | Mangled by a flying skull

Illustrated notes

Levels and vault maps discovered:
D:        pitsprint [storerooms_1, entrance_room_1, metal_vault_4, armoury_1,
          mini_pit_1, grid_room_1, main_hall_1, silver_pit, the_coven_1,
          the_vestibule_1, steel_vault_5, golden_pit, hallway_of_sentries,
          crystal_vault_2, iron_vault_1, final_vault]

Skill      XL: |  1  2 |
---------------+-------+-----
Stealth        | 6 7 |  7.6
Spellcasting   | 3 4 |  4.2
Hexes          | 4 |  4.9
Short Blades   | |  1.1
Dodging        | |  2.6

Action                   || total
-------------------------++-------
Melee: Dagger            ||    17
 Cast: Ensorcelled Hiber ||     6
  Use: Potion            ||     1
 Stab: Sleeping          ||     7
Dodge: Dodged            ||     9
